 Dungeon Crawl Stone Soup version 0.27.1-34-g3ba077fa99 (webtiles) character file.

Game seed: 7812942128054669347

35 unlimited1921 the Vexing (level 3, 0/28 HPs)
             Began as a Gnoll Arcane Marksman on Jan 13, 2022.
             Succumbed to an adder's poison
             ... on level 2 of the Dungeon.
             The game lasted 00:06:25 (2300 turns).

unlimited1921 the Vexing (Gnoll Arcane Marksman)    Turns: 2300, Time: 00:06:26

Health: 0/28       AC:  3    Str: 10    XL:     3   Next: 33%
Magic:  5/7        EV: 13    Int: 12    God:
Gold:   25         SH:  0    Dex: 12    Spells: 4/7 levels left

rFire    . . .     SeeInvis .   f - +0 spear
rCold    . . .     Faith    .   (no shield)
rNeg     . . .     Spirit   .   d - +0 robe
rPois    .         Reflect  .   (no helmet)
rElec    +         Harm     .   (no cloak)
rCorr    .         Rampage  .   (no gloves)
Will     .....                  b - +0 pair of boots
Stlth    +.........             (no amulet)
HPRegen  0.09/turn              (no ring)
MPRegen  0.10/turn              (no ring)

@: lethally poisoned (0 -> -5)
A: fangs 1, strong nose, distributed training, electricity resistance, wild
magic 1
a: no special abilities


You were on level 2 of the Dungeon.
You visited 1 branch of the dungeon, and saw 2 of its levels.

You collected 25 gold pieces.

Inventory:

Hand Weapons
 a - a +0 hand crossbow
 f - a +0 spear (weapon)
 i - a +0 short sword
Missiles
 c - 19 bolts
 h - 14 poisoned darts (quivered)
 k - 50 stones
Armour
 b - a +0 pair of boots (worn)
 d - a +0 robe (worn)
 j - a +0 buckler
Potions
 g - a potion of cancellation {unknown}
 l - a potion of degeneration {unknown}


   Skills:
 + Level 2.6 Fighting
 + Level 0.7 Short Blades
 + Level 0.7 Long Blades
 + Level 0.7 Axes
 + Level 0.7 Maces & Flails
 + Level 0.7 Polearms
 + Level 0.7 Staves
 + Level 0.7 Slings
 + Level 0.7 Bows
 + Level 4.5 Crossbows
 + Level 0.7 Throwing
 + Level 0.7 Armour
 + Level 4.5 Dodging
 + Level 0.7 Stealth
 + Level 0.7 Shields
 + Level 0.7 Unarmed Combat
 + Level 2.8 Spellcasting
 + Level 0.5 Conjurations
 + Level 5.4 Hexes
 + Level 0.5 Summonings
 + Level 0.5 Necromancy
 + Level 0.5 Translocations
 + Level 0.5 Transmutations
 + Level 0.5 Fire Magic
 + Level 0.5 Ice Magic
 + Level 0.5 Air Magic
 + Level 0.5 Earth Magic
 + Level 0.5 Poison Magic
 + Level 0.9 Invocations
 + Level 0.7 Evocations


You had 4 spell levels left.
You knew the following spells:

 Your Spells              Type           Power      Damage    Failure   Level
a - Corona                Hex            21%        N/A       4%          1
b - Slow                  Hex            19%        N/A       7%          2

Your spell library contained the following spells:

 Spells                   Type           Power      Damage    Failure   Level
 Inner Flame              Hex/Fire       11%        N/A       30%         3
 Portal Projectile        Hex/Tloc       22%        N/A       30%         3
 Cause Fear               Hex            9%         N/A       34%         4


Dungeon Overview and Level Annotations

Branches:
Dungeon (2/15)

Altars:


Innate Abilities, Weirdness & Mutations

You have very sharp teeth.
Your uncanny sense of smell can sniff out nearby items.
Your experience applies equally to all skills.
You are resistant to electric shocks. (rElec)
Your spells are a little harder to cast, but a little more powerful.


Message History

The dart slug is severely wounded.
The dart slug stops glowing.
You hit the dart slug.
You kill the dart slug!
The adder closely misses you.
Unknown command.
The adder bites you.
You are poisoned.
The adder poisons you!
You feel sick. The adder bites you.
You are more poisoned.
The adder poisons you!
Casting: Corona (safe; 2% risk of failure)
Confirm with . or Enter, or press ? or * to list all spells.
Aiming: Corona (safe; 2% risk of failure)
Press: ? - help, Shift-Dir - straight line, f - adder
Aim: an adder (chance to affect: 60%)
The adder is outlined in light.
You feel sick. The adder barely misses you.
You hit the adder.
The adder is heavily wounded.
You feel sick. The adder closely misses you.
You barely miss the adder.
The adder is heavily wounded.
You feel sick. The adder bites you.
You are more poisoned.
The adder poisons you! The adder misses you.
You hit the adder.
The adder is almost dead.
You feel sick. The rat closely misses you. The adder bites you.
You are more poisoned.
The adder poisons you!
You feel very sick.
* * * LOW HITPOINT WARNING * * *
You feel sick. The adder bites you.
* * * LOW HITPOINT WARNING * * *
* * * LOW HITPOINT WARNING * * *
You feel sick.
The adder stops glowing.
It was a potion of mutation.
You feel extremely strange.
You feel insulated.
You feel less in control of your magic.
You die...

##.##.# #.....# #
#..##.###.....#####
#.###..............
#.# ###.......#####
#.# #.#.....# #
#.#####.##.#### #
#..........# #
#..####.#### # #.@#
#.# # #.S####.# #
#...r.#.##
#.###....# #.#
#..#.....
#............
#####.#####.. #.#
#.#


You could see an adder.

Vanquished Creatures
  A dart slug (D:2)
  3 bats
  2 endoplasms (D:2)
  3 giant cockroaches
  5 goblins
  4 hobgoblins
  2 kobolds
  A quokka (D:1)
  4 ball pythons
  A frilled lizard (D:1)
  4 rats
30 creatures vanquished.

Vanquished Creatures (others)
  5 plants (D:2)
5 creatures vanquished.

Grand Total: 35 creatures vanquished

Notes
Turn   | Place    | Note
-------+----------+-------------------------------------------
     0 | D:1      | unlimited1921 the Gnoll Arcane Marksman began the quest for
                  | the Orb.
     0 | D:1      | Reached XP level 1. HP: 17/17 MP: 4/4
   308 | D:1      | Reached XP level 2. HP: 23/23 MP: 5/5
   882 | D:1      | Learned a level 2 spell: Slow
  1016 | D:1      | Found a faded altar of an unknown god.
  1383 | D:2      | Reached XP level 3. HP: 17/28 MP: 5/7
  2300 | D:2      | Gained mutation: You are resistant to electric shocks.
                  | (rElec) [potion of mutation]
  2300 | D:2      | Gained mutation: Your spells are a little harder to cast,
                  | but a little more powerful. [potion of mutation]
  2300 | D:2      | Succumbed to an adder's poison

Illustrated notes

Levels and vault maps discovered:
D:1:      dpeg_arrival_radiant, layout_loops_corners,
          hellmonk_ecumenical_altar_inner_sanctum
D:2:      layout_loops_ring, serial_bayou_crossing

Action                   || total
-------------------------++-------
Melee: Spear             ||   106
       Bite              ||     5
       Punch             ||     1
 Fire: Hand crossbow     ||     8
 Cast: Corona            ||    19
  Use: Potion            ||     1
 Stab: Sleeping          ||     2
Armor: Robe              ||    21
Dodge: Dodged            ||    59
